 Dungeon Crawl Stone Soup version 0.29.1-15-g9cfb28693d (webtiles) character file.

Game seed: 16458371961137973151

37 386 the Trooper (level 3, 29/29 HPs)
             Began as a Demonspawn Fighter on Mar 21, 2023.
             Quit the game on level 2 of the Dungeon.
             The game lasted 00:05:15 (1237 turns).

386 the Trooper (Demonspawn Fighter)                Turns: 1237, Time: 00:05:16

Health: 29/29      AC:  6    Str: 18    XL:     3   Next: 21%
Magic:  3/3        EV:  9    Int:  9    God:
Gold:   143        SH:  4    Dex: 12    Spells: 2/2 levels left

rFire   . . .      SeeInvis .   e - +4 whip
rCold   . . .      Faith    .   c - +0 buckler
rNeg    . . .      Spirit   .   b - +0 scale mail
rPois   .          Reflect  .   (no helmet)
rElec   .          Harm     .   (no cloak)
rCorr   .          Rampage  .   (no gloves)
Will    .....                   (no boots)
Stlth   ..........              (no amulet)
HPRegen 0.09/turn               (no ring)
MPRegen 0.08/turn               (no ring)

@: no status effects
A: claws 1, hooves 1
a: no special abilities


You were on level 2 of the Dungeon.
You visited 1 branch of the dungeon, and saw 2 of its levels.

You collected 143 gold pieces.

Inventory:

Hand Weapons
 a - a +0 war axe
 e - a +4 whip (weapon)
 l - a +0 short sword of speed
 o - the +3 short sword "Starlight" {flame, rN+ Will+ Dex+2 Stlth+}
   (You took it off a kobold on level 2 of the Dungeon)

   It burns those it strikes, dealing additional fire damage.
   Dex:       It affects your dexterity (+2).
   rN:        It protects you from negative energy.
   Will:      It increases your willpower.
   Stlth:     It makes you more stealthy.
Missiles
 i - 4 curare-tipped darts (quivered)
Armour
 b - a +0 scale mail (worn)
 c - a +0 buckler (worn)
 g - a +0 chain mail
Scrolls
 f - a scroll of identify {unknown}
 h - a scroll of magic mapping {unknown}
 j - a scroll of fear {unknown}
 k - a scroll of immolation {unknown}
 m - a scroll of enchant weapon {unknown}
 n - a scroll of amnesia {unknown}
Potions
 d - a potion of might


   Skills:
 + Level 3.3 Fighting
 + Level 2.2 Axes
 + Level 3.1 Armour
 + Level 3.0 Shields


You had 2 spell levels left.
You didn't know any spells.
Your spell library contained the following spells:

 Spells                   Type           Power      Damage    Failure   Level
 Apportation              Tloc           0%         N/A       86%         1
 Necrotise                Necr           0%         1d4       86%         1
 Summon Small Mammal      Summ           0%         N/A       86%         1
 Hailstorm                Conj/Ice       0%         3d3       100%        4
 Ice Form                 Ice/Tmut       0%         N/A       100%        4
 Simulacrum               Ice/Necr       0%         N/A       100%        6


Dungeon Overview and Level Annotations

Branches:
Dungeon (2/15)

Altars:

Shops:
D:1 *


Innate Abilities, Weirdness & Mutations

You have sharp fingernails.
You have large cloven feet.


Message History

The adder hisses angrily.
You see here 14 gold pieces.
Found a peridot ring.
You barely miss the adder. The adder closely misses you. The adder bites you.
You are poisoned.
The adder poisons you!
You hit the adder.
The adder is moderately wounded.
You feel sick. You block the adder's attack.
You closely miss the adder.
The adder is moderately wounded.
You feel sick. The adder bites you but does no damage. The adder bites you.
You barely miss the adder. Your kick misses the adder.
The adder is moderately wounded.
You feel sick. The adder bites you but does no damage.
You closely miss the adder. You kick the adder.
The adder is severely wounded.
You feel sick. The adder bites you but does no damage.
You barely miss the adder. Your kick misses the adder.
The adder is severely wounded.
You feel sick.
You are no longer poisoned.
The adder bites you but does no damage.
You barely miss the adder.
The adder is severely wounded.
The adder bites you. The adder bites you but does no damage.
You hit the adder.
The adder is almost dead.
The adder bites you but does no damage.
You hit the adder.
You kill the adder!
You have reached level 3!
Your experience leads to an increase in your attributes!
Increase (S)trength, (I)ntelligence, or (D)exterity?
You feel stronger. x2; Your demonic ancestry asserts itself...
Your fingernails lengthen.
You now have 143 gold pieces (gained 14).
A hobgoblin comes into view.
A hobgoblin is nearby!
Are you sure you want to abandon this character and quit the game? (Confirm with "yes".)

..... #####. .g... .......
...$.###......# .#
.......+...... .##..#
.......#..... .....## ...
.....$......# .#....# ..
........###.####....[.# .
..####@#.............# #
............#........# #
.....................# #
..<.............†....# #####
###....................
....#
................####.#..#.
....#.............†)..####.#
...
....#......................#
.=
......#....................#


You could see a hobgoblin.

Vanquished Creatures
  An adder (D:2)
  A dart slug (D:1)
  4 bats
  An endoplasm (D:1)
  A giant cockroach (D:1)
  4 goblins
  A hobgoblin (D:1)
  2 quokkas (D:1)
  A ball python (D:1)
  2 frilled lizards (D:1)
  6 kobolds
  A rat (D:1)
25 creatures vanquished.

Notes
Turn   | Place    | Note
-------+----------+-------------------------------------------
     0 | D:1      | 386 the Demonspawn Fighter began the quest for the Orb.
     0 | D:1      | Reached XP level 1. HP: 18/18 MP: 1/1
   194 | D:1      | Discovered your monstrous ancestry.
   194 | D:1      | Gained mutation: You have large cloven feet. [demonic
                  | ancestry]
   194 | D:1      | Reached XP level 2. HP: 19/24 MP: 2/2
   670 | D:1      | Found Hetz's Assorted Antiques.
   920 | D:1      | Found a faded altar of an unknown god.
  1029 | D:2      | Identified the +3 short sword "Starlight" {flame, rN+ Will+
                  | Dex+2 Stlth+}
  1087 | D:2      | Gained mutation: You have sharp fingernails. [demonic
                  | ancestry]
  1087 | D:2      | Reached XP level 3. HP: 16/29 MP: 3/3
  1237 | D:2      | Quit the game

Illustrated notes

Levels and vault maps discovered:
D:1:      tarquinn_simple_flora_water_b, layout_basic, serial_shops, shop_coins,
          ebering_ecumenical_altar_sacrificial
D:2:      layout_basic

Skill      XL: |  1  2 |
---------------+-------+-----
Axes           | 2 |  2.2
Armour         | 3 |  3.1
Shields        | 3 |  3.0
Fighting       | |  3.3

Action                   || total
-------------------------++-------
Melee: War axe           ||    10
       Whip              ||    46
       Kick              ||     4
Armor: Scale mail        ||    32
Dodge: Dodged            ||    10
Block: Buckler           ||     8
